 Dungeon Crawl Stone Soup version 0.30-a0-782-ge64f9170bb (webtiles) character file.

Game seed: 9980968220163575894

864 epen the Martial Artist (level 8, -11/63 HPs)
             Began as a Gnoll Wanderer on Feb 21, 2023.
             Mangled by an ogre
             ... wielding a +0 giant spiked club
              (33 damage)
             ... on level 5 of the Dungeon.
             The game lasted 00:05:02 (3461 turns).

epen the Martial Artist (Gnoll Wanderer)            Turns: 3461, Time: 00:05:03

Health: -11/63     AC:  9    Str: 19    XL:     8   Next: 3%
Magic:  14/14      EV: 10    Int: 17    God:
Gold:   252        SH:  0    Dex: 13    Spells: 15/15 levels left

rFire   + . .      SeeInvis .      - Unarmed
rCold   . . .      Faith    .    (no shield)
rNeg    . . .      Spirit   .    x - +2 scale mail {rF+}
rPois   .          Reflect  .    (no helmet)
rElec   .          Harm     .    k - +0 cloak
rCorr   .          Rampage  .    (no gloves)
Will    .....                    (no boots)
Stlth   +                        f - amulet of the acrobat
HPRegen 0.30/turn                q - +6 ring of strength
MPRegen 0.14/turn                m - +6 ring of intelligence

@: lethally poisoned (-11 -> -12)
A: fangs 1, strong nose, distributed training
a: no special abilities


You were on level 5 of the Dungeon.
You visited 1 branch of the dungeon, and saw 5 of its levels.

You collected 252 gold pieces.

Inventory:

Hand Weapons
 a - a +2 spear
Armour
 e - a +0 leather armour
 h - a +0 ring mail
 k - a +0 cloak (worn)
 x - a +2 scale mail of fire resistance (worn)
Jewellery
 f - an amulet of the acrobat (around neck)
 m - a +6 ring of intelligence (right hand)
 q - a +6 ring of strength (left hand)
 u - a ring of willpower
Wands
 y - a wand of polymorph (11)
 z - a wand of mindburst (13)
Scrolls
 c - 2 scrolls of butterflies
 d - a scroll of fear
 g - 4 scrolls of identify
 i - a scroll of teleportation
 l - a scroll of enchant armour
 t - a scroll of poison {unknown}
Potions
 b - 3 potions of might
 j - a potion of cancellation
 n - a potion of brilliance
 r - a potion of lignification
 s - a potion of resistance
 v - a potion of attraction
 w - a potion of flight


   Skills:
 + Level 5.5 Fighting
 + Level 3.0 Short Blades
 + Level 3.0 Long Blades
 + Level 3.0 Axes
 + Level 3.0 Maces & Flails
 + Level 4.0 Polearms
 + Level 3.0 Staves
 + Level 3.0 Ranged Weapons
 + Level 3.0 Throwing
 + Level 3.0 Armour
 + Level 3.0 Dodging
 + Level 3.0 Stealth
 + Level 3.0 Shields
 + Level 10.8 Unarmed Combat
 + Level 4.1 Spellcasting
 + Level 2.4 Conjurations
 + Level 2.4 Hexes
 + Level 2.4 Summonings
 + Level 2.4 Necromancy
 + Level 2.4 Translocations
 + Level 2.4 Transmutations
 + Level 2.4 Fire Magic
 + Level 2.4 Ice Magic
 + Level 2.4 Air Magic
 + Level 2.4 Earth Magic
 + Level 2.4 Poison Magic
 + Level 4.2 Invocations
 + Level 3.0 Evocations


You had 15 spell levels left.
You didn't know any spells.
Your spell library contained the following spells:

 Spells                   Type           Power      Damage    Failure   Level
 Freeze                   Ice            44%        1d6       17%         1
 Frozen Ramparts          Ice            22%        1d4       45%         3
 Hailstorm                Conj/Ice       11%        3d5       45%         3


Dungeon Overview and Level Annotations

Branches:
Dungeon (5/15)
 Temple: D:4-7

Altars:
Zin


Innate Abilities, Weirdness & Mutations

You have very sharp teeth.
Your uncanny sense of smell can sniff out nearby items.
Your experience applies equally to all skills.


Message History

The killer bee's mind is blasted!
You feel sick. The killer bee closely misses you.
The killer bee barely misses you.
Aiming: Mindburst
Press: ? - help, Shift-Dir - straight line, f/p - killer bee
Aim: a killer bee (moderately wounded, chance to affect: 82%)
The killer bee barely resists.
You feel sick. The killer bee closely misses you.
The killer bee barely misses you.
An ogre comes into view. It is wielding a +0 giant spiked club.
Aiming: Mindburst
Press: ? - help, Shift-Dir - straight line, f/p - killer bee
Aim: a killer bee (moderately wounded, chance to affect: 82%)
The killer bee's mind is blasted!!
You blow up the killer bee!
You feel sick.
Your Short Blades skill increases to level 3!
Your Long Blades skill increases to level 3!
Your Axes skill increases to level 3!
Your Maces & Flails skill increases to level 3!
Your Polearms skill increases to level 4!
Your Staves skill increases to level 3!
Your Ranged Weapons skill increases to level 3!
Your Throwing skill increases to level 3!
Your Armour skill increases to level 3!
Your Dodging skill increases to level 3!
Your Stealth skill increases to level 3!
Your Shields skill increases to level 3!
Your Evocations skill increases to level 3!
You have reached level 8!
You feel clever.
Aiming: Mindburst
Press: ? - help, Shift-Dir - straight line, f - ogre
Aim: an ogre, wielding a +0 giant spiked club (chance to affect: 76%)
The ogre barely resists.
You feel sick.
Aiming: Mindburst
Press: ? - help, Shift-Dir - straight line, f/p - ogre
Aim: an ogre, wielding a +0 giant spiked club (chance to affect: 76%)
The ogre's mind is blasted!
You feel sick.
The ogre hits you with a +0 giant spiked club!!
Ouch! That really hurt!
You die...

.......... ..... ######
......#### ...##....#
......# y......#
......# #.y...# ......#
#....# .....## #....#
....## ##†...# #####
###########.....#
####.......†@O.....#
####....###############
#....#### ##.#### ...#
####


You could see an ogre.

Vanquished Creatures
  An ogre (D:5)
  A phantom (D:4)
  A necrophage (D:4)
  2 scorpions
  6 killer bees (D:5)
  A howler monkey (D:4)
  A hound (D:5)
  9 adders
  2 worms
  6 dart slugs
  6 orcs
  2 ball pythons
  10 endoplasms
  4 giant cockroaches
  6 goblins
  6 hobgoblins
  3 jackals (D:2)
  7 quokkas
  8 bats
  3 frilled lizards (D:1)
  6 kobolds
  3 rats
94 creatures vanquished.

Notes
Turn   | Place    | Note
-------+----------+-------------------------------------------
     0 | D:1      | Reached skill level 10 in Unarmed Combat
     0 | D:1      | epen the Gnoll Wanderer began the quest for the Orb.
     0 | D:1      | epen set off with the following items: a +1 spear, a potion
                  | of might, a scroll of butterflies, a scroll of fear, a +0
                  | leather armour.
     0 | D:1      | Reached XP level 1. HP: 20/20 MP: 4/4
   113 | D:1      | Reached XP level 2. HP: 26/26 MP: 5/5
   370 | D:1      | Reached XP level 3. HP: 31/31 MP: 7/7
  1065 | D:2      | Reached skill level 1 in Short Blades
  1065 | D:2      | Reached skill level 1 in Long Blades
  1065 | D:2      | Reached skill level 1 in Axes
  1065 | D:2      | Reached skill level 1 in Maces & Flails
  1065 | D:2      | Reached skill level 1 in Staves
  1065 | D:2      | Reached skill level 1 in Ranged Weapons
  1065 | D:2      | Reached skill level 1 in Throwing
  1065 | D:2      | Reached skill level 1 in Armour
  1065 | D:2      | Reached skill level 1 in Dodging
  1065 | D:2      | Reached skill level 1 in Stealth
  1065 | D:2      | Reached skill level 1 in Shields
  1065 | D:2      | Reached skill level 1 in Evocations
  1137 | D:2      | Reached XP level 4. HP: 31/38 MP: 8/8
  1263 | D:2      | Found a faded altar of an unknown god.
  1395 | D:2      | Reached skill level 1 in Conjurations
  1395 | D:2      | Reached skill level 1 in Hexes
  1395 | D:2      | Reached skill level 1 in Summonings
  1395 | D:2      | Reached skill level 1 in Necromancy
  1395 | D:2      | Reached skill level 1 in Translocations
  1395 | D:2      | Reached skill level 1 in Transmutations
  1395 | D:2      | Reached skill level 1 in Fire Magic
  1395 | D:2      | Reached skill level 1 in Ice Magic
  1395 | D:2      | Reached skill level 1 in Air Magic
  1395 | D:2      | Reached skill level 1 in Earth Magic
  1395 | D:2      | Reached skill level 1 in Poison Magic
  1763 | D:3      | Reached XP level 5. HP: 43/43 MP: 9/9
  1994 | D:3      | Found a glowing silver altar of Zin.
  2658 | D:4      | Reached XP level 6. HP: 47/50 MP: 11/11
  2679 | D:4      | Reached skill level 5 in Fighting
  3028 | D:5      | Entered Level 5 of the Dungeon
  3229 | D:5      | Reached XP level 7. HP: 29/56 MP: 12/12
  3460 | D:5      | Reached XP level 8. HP: 24/63 MP: 14/14
  3461 | D:5      | Mangled by an ogre

Illustrated notes

Levels and vault maps discovered:
D:1:      psy_arrival_radial02, layout_basic
D:2:      layout_basic, ebering_ecumenical_altar_petrified, minmay_tetromino_s2
D:3:      layout_loops_ring, zin_treasury, minmay_ruptured
D:4:      layout_rooms, st_stairs_14
D:5:      layout_rooms, mainiacjoe_overflow_alcove_3, uniq_grinder

Skill      XL: |  1  2  3  4  5  6  7 |
---------------+----------------------+-----
Unarmed Combat | | 10.8
Short Blades   | 1 2 3 |  3.0
Long Blades    | 1 2 3 |  3.0
Axes           | 1 2 3 |  3.0
Maces & Flails | 1 2 3 |  3.0
Staves         | 1 2 3 |  3.0
Ranged Weapons | 1 2 3 |  3.0
Throwing       | 1 2 3 |  3.0
Armour         | 1 2 3 |  3.0
Dodging        | 1 2 3 |  3.0
Stealth        | 1 2 3 |  3.0
Shields        | 1 2 3 |  3.0
Evocations     | 1 2 3 |  3.0
Spellcasting   | 3 4 |  4.1
Conjurations   | 1 2 |  2.4
Hexes          | 1 2 |  2.4
Summonings     | 1 2 |  2.4
Necromancy     | 1 2 |  2.4
Translocations | 1 2 |  2.4
Transmutations | 1 2 |  2.4
Fire Magic     | 1 2 |  2.4
Ice Magic      | 1 2 |  2.4
Air Magic      | 1 2 |  2.4
Earth Magic    | 1 2 |  2.4
Poison Magic   | 1 2 |  2.4
Invocations    | 3 4 |  4.2
Polearms       | 3 4 |  4.0
Fighting       | 5 |  5.5

Action                     |  1- 3 |  4- 6 |  7- 9 || total
---------------------------+-------+-------+-------++-------
  Melee: Unarmed           |    80 |   136 |    39 ||   255
         Spear             |     6 |       |       ||     6
         Bite              |     5 |     9 |     4 ||    18
         Punch             |     4 |     6 |       ||    10
  Evoke: Wand              |       |       |     6 ||     6
    Use: Scroll            |       |    16 |       ||    16
         Potion            |       |       |     2 ||     2
 Armour: Leather armour    |     4 |       |       ||     4
         Ring mail         |    13 |    32 |       ||    45
         Scale mail        |       |       |    16 ||    16
  Dodge: Dodged            |    52 |    71 |    37 ||   160

Table legend: (Time is in decaauts)
 A = Elapsed time spent in this place.
 B = Non-inter-level travel time spent in this place.
 C = Inter-level travel time spent in this place.
 D = Time resting spent in this place.
 E = Time spent auto-exploring this place.
 F = Levels seen in this place.
 G = Mean time per level.
                   A        B        C        D        E       F      G
               +--------+--------+--------+--------+--------+-----+--------+
         Total |   3410 |   3292 |    118 |     30 |   2676 |   5 |  682.0 |
       Dungeon |   3410 |   3292 |    118 |     30 |   2676 |   5 |  682.0 |
               +--------+--------+--------+--------+--------+-----+--------+

Top non-repeatable levels by time:
     D:1: 985 daAuts
     D:3: 831 daAuts
     D:4: 676 daAuts
     D:2: 601 daAuts
     D:5: 315 daAuts
